 Dungeon Crawl Stone Soup version 0.18-a0-846-g91b95b1 (webtiles) character file.

61 tof the Charmwright (level 3, 0/25 HPs)
             Began as a High Elf Skald on Dec 20, 2015.
             Slain by a gnoll
             ... wielding a +0 spear
              (1 damage)
             ... on level 2 of the Dungeon.
             The game lasted 00:07:41 (2444 turns).

tof the Charmwright (High Elf Skald)                Turns: 2444, Time: 00:07:41

Health: 0/25       AC:  4    Str: 11    XL:     3   Next: 83%
Magic:  3/8        EV: 11    Int: 16    God:
Gold:   80         SH:  0    Dex: 15    Spells: 3 memorised, 2 levels left

rFire  . . .     SeeInvis .     k - +3 dagger
rCold  . . .     Gourm    .     b - +0 leather armour
rNeg   . . .     Faith    .     (no shield)
rPois  .         Spirit   .     (no helmet)
rElec  .         Dismiss  .     (no cloak)
rCorr  .         Reflect  .     g - +0 pair of gloves
SustAt .         Harm     .     (no boots)
MR     .....                    (no amulet)
Stlth  +.........               (no ring)
                                (no ring)

@: not resistant to hostile enchantments, very unstealthy
A: no striking features
a: no special abilities


You were on level 2 of the Dungeon.
You were not hungry.

You visited 1 branch of the dungeon, and saw 2 of its levels.

You collected 80 gold pieces.

Inventory:

Hand Weapons
 a - a +0 falchion
 k - a +3 dagger (weapon)
Armour
 b - a +0 leather armour (worn)
 g - a +0 pair of gloves (worn)
Scrolls
 d - 4 scrolls of enchant weapon {unknown}
 f - 3 scrolls of identify {unknown}
 i - 2 scrolls of magic mapping {unknown}
 j - 2 scrolls of remove curse {unknown}
 m - a scroll of random uselessness {unknown}
 o - a scroll of fear {unknown}
 s - a scroll of blinking {unknown}
Potions
 e - a potion of might {unknown}
 p - 2 potions of curing {unknown}
 q - 2 potions of lignification {unknown}
 r - a potion of heal wounds {unknown}
 t - a potion of degeneration {unknown}
 u - a potion of agility {unknown}
Books
 c - a book of Battle

   Spells                             Type                      Level
   a - Infusion                       Charms                       1
   b - Shroud of Golubria             Charms/Translocation         2
   c - Song of Slaying                Charms                       2
   d - Spectral Weapon                Hexes/Charms                 3
   e - Regeneration                   Charms/Necromancy            3
Comestibles
 h - 2 meat rations
 l - a royal jelly
 n - a slice of pizza
 v - 2 chunks of flesh


   Skills:
 + Level 2.4 Fighting
 + Level 2.7 Long Blades
 + Level 1.5 Armour
 + Level 1.5 Dodging
 + Level 0.8 Stealth
 + Level 3.1 Spellcasting
 + Level 4.1 Charms


You had 2 spell levels left.
You knew the following spells:

 Your Spells              Type           Power        Failure   Level  Hunger
a - Infusion              Chrm           ###...       6%          1    None
b - Shroud of Golubria    Chrm/Tloc      #.........   17%         2    ##.....
c - Spectral Weapon       Hex/Chrm       #.......     34%         3    ###....


Dungeon Overview and Level Annotations

Branches:
Dungeon (2/15)

Altars:


Message History

The gnoll hits you but does no damage. The gnoll closely misses you.
You closely miss the gnoll. The gnoll hits you with a spear!
You hit the gnoll.
The gnoll is lightly wounded.
The gnoll barely misses you.
You hit the gnoll.
The gnoll is moderately wounded.
The gnoll misses you. The gnoll barely misses you.
You hit the gnoll.
The gnoll is heavily wounded.
The gnoll hits you with a spear. The gnoll barely misses you.
You completely miss the gnoll.
The gnoll is heavily wounded.
The gnoll misses you.
You hit the gnoll.
The gnoll is severely wounded.
The gnoll hits you from afar with a halberd!
* * * LOW HITPOINT WARNING * * *
The gnoll hits you with a spear.
You die...

###
##################.#
#..ggg@(...........#
##.###############.#
#.# #.# #.# ##.##
#...# # #...# ..
#...#


You could see 3 gnolls and a friendly spectral enchanted dagger.

Vanquished Creatures
  An adder (D:2)
  An ooze (D:1)
  5 giant geckos
  8 bats
  A giant cockroach (D:1)
  4 goblins
  5 hobgoblins
  3 jackals (D:1)
  5 kobolds
  2 giant newts (D:1)
  4 rats
39 creatures vanquished.

Notes
Turn   | Place    | Note
--------------------------------------------------------------
     0 | D:1      | tof the High Elf Skald began the quest for the Orb.
     0 | D:1      | Reached XP level 1. HP: 14/14 MP: 4/4
   225 | D:1      | Reached XP level 2. HP: 19/19 MP: 1/6
   236 | D:1      | Learned a level 2 spell: Shroud of Golubria
   813 | D:1      | Reached skill level 1 in Armour
   813 | D:1      | Reached XP level 3. HP: 13/25 MP: 1/8
  1689 | D:2      | Reached skill level 4 in Charms
  2370 | D:2      | Learned a level 3 spell: Spectral Weapon
  2444 | D:2      | HP: 1/25 [gnoll/halberd (12)]
  2444 | D:2      | Slain by a gnoll

Vault maps used:
D:1:      minmay_arrival_nine_rooms, roderic_lattice_a

Action                   || total
-------------------------++-------
Melee: Falchion          ||    45
       Dagger            ||    84
 Cast: Infusion          ||    16
       Shroud of Golubri ||    13
       Spectral Weapon   ||     3
 Stab: Sleeping          ||     2
  Eat: Chunk             ||     3
       Bread ration      ||     1
